 Dungeon Crawl Stone Soup version 0.28.0 (webtiles) character file.

Game seed: 7663179484753886916

19110 trckry the Summoner (level 12, -3/103 HPs)
             Began as an Ogre Summoner on Feb 16, 2022.
             Was a Believer of Ru.
             Slain by a swamp worm (15 damage)
             ... on level 3 of the Lair of Beasts on Feb 17, 2022.
             The game lasted 00:47:30 (14801 turns).

trckry the Summoner (Ogre Summoner)                Turns: 14801, Time: 00:47:31

Health: -3/103     AC:  5    Str: 15    XL:     12   Next: 65%
Magic:  14/26      EV: 10    Int: 24    God:    Ru [**....]
Gold:   602        SH:  5    Dex:  9    Spells: 18/31 levels left

rFire   + . .      SeeInvis .   n - +11 spear of the Ass {flame, rPois rN+ Will+ Int+4}
rCold   + + .      Faith    .   (no shield)
rNeg    + . .      Spirit   .   A - +2 robe of Mordant Freedom {rPois rC+ Will++}
rPois   +          Reflect  +   (helmet restricted)
rElec   .          Harm     .   h - scarf {rC+ rF+}
rCorr   .          Rampage  .   (gloves unavailable)
Will    ++++.                   (boots unavailable)
Stlth   +.........              R - amulet of reflection
HPRegen 0.27/turn               B - ring of wizardry
MPRegen 0.20/turn               p - ring of flight

@: flying
A: large, unfitting armour, frail 1, tough skin 1, missing an eye
a: Renounce Religion


You were on level 3 of the Lair of Beasts.
You worshipped Ru.
Ru was pleased with you.
You visited 4 branches of the dungeon, and saw 14 of its levels.

You collected 761 gold pieces.
You spent 159 gold pieces at shops.

Inventory:

Hand Weapons
 e - the +10 dagger of the Final Chapter {vorpal, rCorr SInv}
   (You found it on level 6 of the Dungeon)

   It inflicts extra damage upon your enemies.
   SInv:      It lets you see invisible.
   rCorr:     It protects you from acid and corrosion.
 n - the +11 spear of the Ass (weapon) {flame, rPois rN+ Will+ Int+4}
   (You found it on level 2 of the Dungeon)

   It burns those it strikes, dealing additional fire damage.
   Int:       It affects your intelligence (+4).
   rPois:     It protects you from poison.
   rN:        It protects you from negative energy.
   Will:      It increases your willpower.
 P - a +4 dagger of venom
Missiles
 k - 15 poisoned darts (quivered)
 o - 2 datura-tipped darts
Armour
 h - a scarf of resistance (worn)
 A - the +2 robe of Mordant Freedom (worn) {rPois rC+ Will++}
   (You bought it in a shop on level 5 of the Dungeon)

   rC:        It protects you from cold.
   rPois:     It protects you from poison.
   Will:      It greatly increases your willpower.
Jewellery
 g - a ring of positive energy
 p - a ring of flight (right hand)
 B - a ring of wizardry (left hand)
 G - a ring of protection from fire
 R - an amulet of reflection (around neck)
Wands
 r - a wand of flame (20)
 u - a wand of polymorph (15)
 E - a wand of paralysis (2)
 H - a wand of acid (2)
 O - a wand of charming (4)
Scrolls
 a - 5 scrolls of enchant weapon {unknown}
 c - 5 scrolls of enchant armour {unknown}
 f - 4 scrolls of teleportation {unknown}
 j - 16 scrolls of identify {unknown}
 m - 3 scrolls of noise {unknown}
 q - a scroll of fog {unknown}
 s - 6 scrolls of amnesia {unknown}
 y - a scroll of holy word {unknown}
 C - 3 scrolls of immolation {unknown}
 D - 2 scrolls of brand weapon {unknown}
 F - a scroll of fear {unknown}
 K - 3 scrolls of blinking {unknown}
 M - a scroll of torment {unknown}
Potions
 b - 3 potions of attraction {unknown}
 d - 2 potions of invisibility {unknown}
 i - a potion of resistance {unknown}
 l - 2 potions of cancellation {unknown}
 t - 3 potions of degeneration {unknown}
 v - 4 potions of heal wounds {unknown}
 w - 2 potions of mutation {unknown}
 x - 5 potions of curing {unknown}
 z - a potion of ambrosia {unknown}
 J - 3 potions of brilliance {unknown}
 L - a potion of flight {unknown}
 N - 2 potions of haste
Miscellaneous
 I - a condenser vane


   Skills:
 + Level 6.7 Fighting
 + Level 4.1 Armour
 + Level 5.0 Dodging
 - Level 1.4 Stealth
 - Level 10.0 Spellcasting
 - Level 12.9 Summonings
 + Level 2.3 Ice Magic
 + Level 6.5 Air Magic
 + Level 4.1 Evocations


You had 18 spell levels left.
You knew the following spells:

 Your Spells              Type           Power      Damage    Failure   Level
a - Summon Small Mammal   Summ           100%       N/A       1%          1
b - Call Imp              Summ           65%        N/A       1%          2
c - Call Canine Familiar  Summ           65%        N/A       1%          3
d - Summon Lightning Spi  Summ/Air       56%        N/A       1%          4
e - Ozocubu's Armour      Ice            23%        N/A       2%          3

Your spell library contained the following spells:

 Spells                   Type           Power      Damage    Failure   Level
 Summon Guardian Golem    Hex/Summ       42%        N/A       1%          3
 Magic Dart               Conj           48%        1d5       2%          1
 Mephitic Cloud           Conj/Pois/Air  22%        N/A       2%          3
 Petrify                  Tmut/Erth      12%        N/A       21%         4
 Metabolic Englaciation   Hex/Ice        8%         N/A       34%         5
 Simulacrum               Ice/Necr       8%         N/A       87%         6
 Statue Form              Tmut/Erth      8%         N/A       95%         6
 Ozocubu's Refrigeration  Ice            11%        4d7       99%         7


Dungeon Overview and Level Annotations

Branches:
Dungeon (9/15)             Temple (1/1) D:7            Lair (3/6) D:9
 Spider (1/4) Lair:2
  Swamp: Lair:2-4    Shoals: Lair:2-4       Orc: D:9-12

Altars:
Ashenzari
Cheibriados
Dithmenos
Elyvilon
Fedhas
Hepliaklqana
Kikubaaqudgha
Makhleb
Nemelex Xobeh
Okawaru
Qazlal
Ru
Sif Muna
Trog
Uskayaw
Vehumet
Wu Jian
Xom
Yredelemnul
Zin
The Shining One

Shops:
D:5 [

Portals:
Abyss: D:6

Annotations:
D:6 2 transporters, Drazool's ghost, novice DsFi


Innate Abilities, Weirdness & Mutations

You are too large for most types of armour.
You are frail. (-10% HP)
You have tough skin. (AC +1)
You are missing an eye, making it more difficult to aim.


Message History

Your warg is engulfed in a cloud of scalding steam.
You hear an angry hiss.
You see here a yak corpse.
Something bites your warg but does no damage.
Something claws your warg but does no damage.
Reach: n) +11 spear of the Ass {flame, rPois rN+ Will+ Int+4}
Press: ? - help, Dir - move target, f - you, p - steam dragon
Okay, then.
The steam dragon closely misses your warg.
The steam dragon barely misses your warg.
Your warg bites the steam dragon!
The rime drake begins to attack, but is stunned by your conviction!
Casting: Call Canine Familiar (safe; 1% risk of failure)
Confirm with . or Enter, or press ? or * to list all spells.
An electric hum fills the air.
The steam dragon breathes steam at your warg.
The ball of steam hits your warg!
Your warg dies!
Your warg's corpse disappears in a puff of smoke!
The ball of steam hits you. You resist.
* * * LOW HITPOINT WARNING * * *
You hear an angry hiss. x2
Your lightning spire shoots out a bolt of lightning at the steam dragon!
The bolt of electricity hits the steam dragon!
The steam dragon dies!
The bolt of electricity hits the rime drake!
The rime drake dies!
A steam dragon comes into view.
The blink frog begins to attack, but is stunned by your conviction!
A swamp worm comes into view.
The blink frog blinks!
The steam dragon moves out of view.
The swamp worm begins to attack, but is stunned by your conviction!
The swamp worm fires a harpoon shot at you.
The harpoon shot hits you!
* * * LOW HITPOINT WARNING * * *
You are yanked forward by the harpoon shot.
Casting: Summon Lightning Spire (safe; 1% risk of failure)
Confirm with . or Enter, or press ? or * to list all spells.
An electric hum fills the air.
The swamp worm bites you!
You die...

♣........... .......
≈♣........... .......
≈♣.P......... #...... ≈
.≈♣........... ...
.......♣♣..♣♣.......##.. ..#
####........♣..♣.......P##..
..###P#.#........♣..♣............
...P...#.........w⌠⌠.............
kD..P...........@................
F§..?............................
.(...#.........8......#......#...
..†.##...(.....................#.
.§k§##.†8†#....#.............###.
..kD#†...##....##...........#....
....D..§.§#.....##..........<.[..
....k..........(###..............
.§...###.....#.##............†...


You could see a swamp worm (ally target) and a friendly lightning spire
(summoned).

Vanquished Creatures
  A hydra (Lair:2)
  2 death yaks (D:9)
  A rime drake (Lair:2)
  A polar bear (Lair:3)
  7 yaks
  2 steam dragons (D:8)
  2 water moccasins
  2 orc warriors
  2 sky beasts
  A black bear (Lair:3)
  A necrophage (D:4)
  An ogre (D:5)
  A wolf (Lair:1)
  2 centaurs (D:6)
  A lemure (D:4)
  A phantom (D:6)
  A bullfrog (Lair:1)
  2 scorpions (D:5)
  A water moccasin zombie (D:5)
  Dowan (D:4)
  A water moccasin skeleton (D:6)
  A killer bee (D:9)
  An electric eel (Lair:1)
  2 centaur zombies (D:9)
  3 orc priests
  2 centaur skeletons
  An iguana (D:7)
  2 killer bee zombies
  A hound skeleton (D:5)
  A howler monkey zombie (D:9)
  3 white imps
  A worm (D:3)
  9 orcs
  2 ball pythons (D:4)
  5 goblins (D:3)
  4 jackals (D:3)
  A bat (D:3)
  A frilled lizard (D:3)
  6 kobolds
  3 rats
83 creatures vanquished.

Vanquished Creatures (collateral kills)
  2 hydras (Lair:2)
  2 two-headed ogres
  6 death yaks (D:9)
  Nergalle (Lair:1)
  Pikel (D:4)
  A cyclops (D:9)
  A black mamba (Lair:3)
  4 rime drakes (Lair:3)
  3 komodo dragons
  A troll (D:4)
  Grinder (D:3)
  A blink frog (Lair:3)
  Grum (Lair:1)
  A wyvern (D:9)
  A basilisk (Lair:1)
  7 yaks
  Menkaure (D:7)
  2 steam dragons
  4 water moccasins
  Duvessa (D:4)
  2 orc warriors (D:9)
  3 black bears
  2 ogres
  2 wolves (Lair:1)
  A kobold brigand (D:6)
  2 bullfrogs
  A gnoll sergeant (D:9)
  3 scorpions
  4 killer bees (D:9)
  A wight (D:9)
  A howler monkey (D:6)
  A bullfrog zombie (D:5)
  2 centaur zombies (D:9)
  A hound (D:6)
  3 orc priests
  A jelly (D:6)
  Ijyb (D:3)
  Jessica (D:3)
  3 iguanas
  6 orc wizards
  2 killer bee zombies
  A howler monkey zombie (D:8)
  An adder (D:2)
  A worm (D:2)
  8 orcs
  5 endoplasms
  A giant cockroach (D:2)
  5 goblins
  2 hobgoblins (D:1)
  7 kobolds
  7 quokkas
  3 ball pythons (D:1)
  A bat (D:1)
  A frilled lizard (D:1)
  6 rats
134 creatures vanquished.

Vanquished Creatures (others)
  4 fungi
  18 plants
22 creatures vanquished.

Grand Total: 239 creatures vanquished

Notes
Turn   | Place    | Note
-------+----------+-------------------------------------------
     0 | D:1      | trckry the Ogre Summoner began the quest for the Orb.
     0 | D:1      | Reached XP level 1. HP: 16/16 MP: 3/3
   290 | D:1      | Reached XP level 2. HP: 24/24 MP: 5/5
   447 | D:1      | Reached skill level 4 in Summonings
   450 | D:1      | Learned a level 2 spell: Call Imp
   905 | D:1      | Reached XP level 3. HP: 30/31 MP: 3/7
   909 | D:1      | Learned a level 3 spell: Call Canine Familiar
  1204 | D:1      | You fall into a shaft and drop 1 floor!
  2152 | D:2      | Found a faded altar of an unknown god.
  2169 | D:2      | Identified the +11 spear of the Ass {flame, rPois rN+ Will+
                  | Int+4}
  2392 | D:3      | Noticed a scorpion
  2405 | D:3      | Noticed Grinder
  2409 | D:3      | Noticed Jessica
  2684 | D:2      | Killed a scorpion
  2685 | D:2      | Reached skill level 5 in Summonings
  2685 | D:2      | Reached XP level 4. HP: 39/39 MP: 1/9
  2761 | D:3      | Killed Jessica
  2762 | D:3      | Reached XP level 5. HP: 45/45 MP: 4/10
  2767 | D:3      | Killed Grinder
  2768 | D:3      | Reached skill level 6 in Summonings
  2768 | D:3      | Reached XP level 6. HP: 48/53 MP: 5/13
  3046 | D:3      | Noticed Ijyb
  3063 | D:3      | Killed Ijyb
  3165 | D:3      | Found a snail-covered altar of Cheibriados.
  3169 | D:3      | Found a stormy altar of Qazlal.
  3173 | D:3      | Found a shimmering blue altar of Sif Muna.
  3568 | D:4      | Noticed Duvessa
  3568 | D:4      | Noticed Dowan
  3584 | D:4      | Killed Duvessa
  3585 | D:4      | Reached skill level 5 in Spellcasting
  3585 | D:4      | Reached XP level 7. HP: 47/59 MP: 5/14
  3595 | D:4      | Killed Dowan
  3720 | D:4      | Reached skill level 7 in Summonings
  3829 | D:4      | Noticed Pikel
  3866 | D:4      | Killed Pikel
  3867 | D:4      | Reached skill level 8 in Summonings
  3867 | D:4      | Reached XP level 8. HP: 58/67 MP: 6/17
  4469 | D:5      | Entered Level 5 of the Dungeon
  4469 | D:5      | Found Waniz's Antique Armour Shoppe.
  4472 | D:5      | Bought a steaming robe for 159 gold pieces
  4472 | D:5      | Identified the +2 robe of Mordant Freedom {rPois rC+
                  | Will++} (You bought it in a shop on level 5 of the Dungeon)
  4726 | D:5      | Noticed a troll
  4873 | D:4      | Killed a troll
  4874 | D:4      | Reached skill level 9 in Summonings
  5143 | D:5      | Reached XP level 9. HP: 70/74 MP: 17/20
  5151 | D:5      | Learned a level 4 spell: Summon Lightning Spire
  5749 | D:5      | Identified the +5 chain mail of Gudedo {rN+}
  6287 | D:6      | Reached skill level 10 in Summonings
  6289 | D:6      | Reached skill level 1 in Air Magic
  6794 | D:6      | Identified the +10 dagger of the Final Chapter {vorpal,
                  | rCorr SInv}
  6798 | D:6      | Noticed Drazool's ghost (novice DsFi)
  6799 | D:6      | Found a one-way gate to the infinite horrors of the Abyss.
  6984 | D:6      | Found an ancient bone altar of Kikubaaqudgha.
  7060 | D:6      | Noticed a brown ugly thing
  7068 | D:6      | Noticed an ancient zyme
  7096 | D:6      | Found a transporter.
  7110 | D:6      | Found a transporter.
  7659 | D:7      | Found a staircase to the Ecumenical Temple.
  7667 | Temple   | Entered the Ecumenical Temple
  7685 | Temple   | Became a worshipper of Ru the Awakened
  7960 | D:7      | Noticed Menkaure
  7966 | D:7      | Killed Menkaure
  7967 | D:7      | Reached XP level 10. HP: 51/81 MP: 15/22
  8212 | D:7      | Found a bloodstained altar of Trog.
  8741 | D:8      | Noticed a two-headed ogre
  8748 | D:8      | Killed a two-headed ogre
  8749 | D:8      | Reached skill level 11 in Summonings
  9095 | D:8      | Found a shimmering altar of Xom.
  9096 | D:8      | Found a hazy altar of Hepliaklqana.
  9097 | D:8      | Noticed a spectral ugly thing
  9666 | D:9      | Gained mutation: You are frail. (-10% HP) [Ru sacrifice]
  9666 | D:9      | Reached * piety under Ru
  9666 | D:9      | Reached ** piety under Ru
  9697 | D:9      | Noticed a cyclops
  9709 | D:9      | Killed a cyclops
 10018 | D:9      | Noticed a two-headed ogre
 10031 | D:9      | Killed a two-headed ogre
 10698 | D:9      | Reached skill level 10 in Spellcasting
 10708 | D:9      | Reached skill level 12 in Summonings
 10828 | D:9      | Noticed a death yak
 10864 | D:9      | Killed a death yak
 10865 | D:9      | Reached skill level 5 in Air Magic
 10865 | D:9      | Reached XP level 11. HP: 79/79 MP: 13/25
 10932 | D:9      | Noticed a death yak
 10950 | D:9      | Killed a death yak
 11139 | D:9      | Found a staircase to the Lair.
 11139 | D:9      | Noticed a death yak
 11140 | D:9      | Noticed a death yak
 11140 | D:9      | Noticed a death yak
 11140 | D:9      | Noticed a death yak
 11158 | D:9      | Noticed a death yak
 11175 | D:9      | Noticed a death yak
 11236 | D:9      | Killed a death yak
 11313 | D:9      | Killed a death yak
 11501 | D:9      | Killed a death yak
 11502 | D:9      | Reached skill level 1 in Fighting
 11541 | D:9      | Reached skill level 1 in Armour
 11541 | D:9      | Reached skill level 1 in Evocations
 11657 | D:9      | Killed a death yak
 11693 | D:9      | Killed a death yak
 11695 | D:9      | Killed a death yak
 11829 | Lair:1   | Entered Level 1 of the Lair of Beasts
 12178 | Lair:2   | Noticed a seven-headed hydra
 12200 | Lair:1   | Noticed Grum
 12214 | Lair:1   | Killed Grum
 12216 | Lair:1   | Reached XP level 12. HP: 87/98 MP: 16/26
 12876 | Lair:1   | Reached skill level 5 in Fighting
 13039 | Lair:1   | Noticed Nergalle
 13051 | Lair:1   | Killed Nergalle
 13254 | Lair:1   | Learned a level 3 spell: Ozocubu's Armour
 13375 | Lair:2   | Killed a seven-headed hydra
 13614 | Lair:2   | Noticed an eight-headed hydra
 13628 | Lair:2   | Killed an eight-headed hydra
 13629 | Lair:2   | Reached skill level 1 in Ice Magic
 13716 | Lair:2   | Noticed a five-headed hydra
 13729 | Lair:2   | Killed a five-headed hydra
 13999 | Lair:2   | Found a hole to the Spider Nest.
 14299 | Spider:1 | Entered Level 1 of the Spider Nest
 14333 | Lair:3   | Gained mutation: You are missing an eye, making it more
                  | difficult to aim. [Ru sacrifice]
 14789 | Lair:3   | Reached skill level 5 in Dodging
 14800 | Lair:3   | HP: 12/103 [swamp worm/harpoon shot (15)]
 14801 | Lair:3   | Slain by a swamp worm

Illustrated notes

Levels and vault maps discovered:
D:1:      lemuel_arrival_lava_pool, layout_loops_corners
D:2:      layout_rooms, hellmonk_ecumenical_altar_crossroads,
          amcnicky_mini_pool_small
D:3:      layout_rooms, grunt_temple_overflow_diamond, serial_forest,
          infiniplex_forest_straight_1, infiniplex_forest_pool,
          infiniplex_forest_clump_tiny, infiniplex_forest_straight_5,
          infiniplex_forest_zigzag_2, uniq_ijyb, uniq_grinder, uniq_jessica
D:4:      layout_basic, uniq_pikel, uniq_duvessa
D:5:      layout_cave_pods, serial_shops, nicolae_stop_n_shop_2,
          kennysheep_minor_cross, hangedman_decor_push
D:6:      layout_rooms, lemuel_doored_altar, gammafunk_ghost_abyssal_escape,
          minivault_19, chequers_serial_rivers_small_3
D:7:      layout_layer_cave, lemuel_coloured_pillars_altar,
          minmay_temple_entry_junction, uniq_menkaure
D:8:      layout_gridville, regret_index_temple_of_mockery,
          kennysheep_decorative_pillar
D:9:      minmay_the_grid_square_5x5_3x3
          [minmay_the_grid_square_5x5_checkered_statues,
          minmay_the_grid_square_5x5_intrusive_squares,
          minmay_the_grid_square_5x5_six, minmay_the_grid_square_5x5_hourglass,
          minmay_the_grid_square_5x5_megaprize_hollow,
          minmay_the_grid_square_5x5_shrine2,
          minmay_the_grid_square_5x5_two_walls_a,
          minmay_the_grid_square_5x5_mess, minmay_the_grid_square_5x5_comb],
          layout_loops_ring, dpeg_lair_monsters
Temple:   jpeg_temple_clearing
Lair:1:   layout_small_grid, infiniplex_staircase_pool, grunt_megastairs_4,
          serial_bayou_shore_a, lemuel_fruit_tree, uniq_nergalle, uniq_grum
Lair:2:   layout_chaotic_city, dummy_spider_entry, lemuel_fruit_fields,
          serial_bayou_shore_b, lemuel_fruit_fields
Lair:3:   layout_layer_cave, nicolae_swamp_entry_splash_gauntlet,
          bobbens_dragon_lair_wall
Spider:1: nicolae_spider_hilbert_zone_5 [nicolae_spider_hilbert_3_sides_1_open,
          nicolae_spider_hilbert_4_sides_1_open,
          nicolae_spider_hilbert_4_sides_1_open,
          nicolae_spider_hilbert_6_sides_1_open,
          nicolae_spider_hilbert_6_sides_1_open], uniq_aizul, uniq_asterion,
          uniq_mlioglotl, uniq_nikola

Skill      XL: |  1  2  3  4  5  6  7  8  9 10 11 12 |
---------------+-------------------------------------+-----
Summonings     | 4 5 6 8 9 10 12 | 12.9
Spellcasting   | 3 4 5 6 7 8 10 | 10.0
Air Magic      | 2 5 6 |  6.5
Fighting       | 4 6 |  6.7
Dodging        | 3 5 |  5.0
Armour         | 2 4 |  4.1
Evocations     | 2 4 |  4.1
Ice Magic      | 2 |  2.3
Stealth        | |  1.4

Action                   |  1- 3 |  4- 6 |  7- 9 | 10-12 || total
-------------------------+-------+-------+-------+-------++-------
Melee: Spear             |     3 |    36 |   107 |   152 ||   298
       Punch             |       |     1 |       |       ||     1
 Cast: Summon Small Mamm |    50 |       |       |       ||    50
       Call Imp          |     8 |     5 |     8 |     4 ||    25
       Call Canine Famil |     5 |     6 |    22 |    53 ||    86
       Summon Lightning  |       |       |     2 |    31 ||    33
       Ozocubu's Armour  |       |       |       |     2 ||     2
Invok: Sacrifice Health  |       |       |       |     1 ||     1
       Sacrifice an Eye  |       |       |       |     1 ||     1
 Stab: Sleeping          |     1 |     2 |     1 |     2 ||     6
       Distracted        |       |       |     2 |     1 ||     3
       Invisible         |       |       |       |     1 ||     1
Armor: Robe              |    27 |     3 |    22 |    19 ||    71
Dodge: Dodged            |    28 |     8 |    28 |    61 ||   125
Block: Other             |       |       |       |     3 ||     3
